 Dungeon Crawl Stone Soup version 0.26-a0-958-gf3041fb45f (webtiles) character file.

Game seed: 7551445332646380041

9896 Conn the Thaumaturge (level 11, -16/67 (68) HPs)
             Began as an Octopode Fire Elementalist on Dec 1, 2020.
             Was a Priest of Vehumet.
             Hit by a large rock thrown by a cyclops (49 damage)
             ... on level 10 of the Dungeon.
             The game lasted 00:51:39 (11486 turns).

Conn the Thaumaturge (Octopode Fire Elementalist)  Turns: 11486, Time: 00:51:39

HP:   -16/67 (68)   AC:  3    Str:  6 (8)  XL:     11   Next: 53%
MP:   13/23         EV: 15    Int: 26 (27) God:    Vehumet [***...]
Gold: 494           SH:  5    Dex: 11 (12) Spells: 7/27 levels left

rFire    . . .     SeeInvis +   y - +6 rapier
rCold    + . .     Faith    .   (no shield)
rNeg     . . .     Spirit   .   s - +2 hat
rPois    .         Reflect  +   u - amulet of reflection
rElec    .         Harm     .   h - ring of see invisible
rCorr    .         Rampage  .   k - ring of stealth
MR       .....                  g - +6 ring of intelligence
Stlth    +++++.....             J - ring of protection from cold
HPRegen  0.21/turn              (no ring)
MPRegen  0.18/turn              (no ring)
                                (no ring)
                                (no ring)

@: no status effects
A: almost no armour, stealthy swim, amphibious, 8 rings, constrict 8, camouflage
1, gelatinous body 1
a: Renounce Religion


You were on level 10 of the Dungeon.
You worshipped Vehumet.
Vehumet was most pleased with you.
You visited 2 branches of the dungeon, and saw 11 of its levels.

You collected 494 gold pieces.

Inventory:

Hand Weapons
 a - a +0 dagger
 c - a +0 whip of freezing
 d - a +2 dagger of venom
 o - a +0 vorpal spear
 y - a +6 rapier (weapon)
 A - a +5 dagger of holy wrath
 E - a +2 shortbow of freezing
Missiles
 i - 8 javelins (quivered)
 v - 14 poisoned darts
 F - 104 arrows
Armour
 s - a +2 hat (worn)
 I - a +0 buckler
Magical Staves
 D - an uncursed staff of air
Jewellery
 b - an uncursed amulet of regeneration
 g - a +6 ring of intelligence (on tentacle)
 h - a ring of see invisible (left tentacle)
 k - a ring of stealth (right tentacle)
 u - an amulet of reflection (around mantle)
 J - a ring of protection from cold (on tentacle)
Wands
 f - a wand of enslavement (10)
 j - a wand of digging (12)
 m - a wand of disintegration (2)
 r - a wand of paralysis (3)
 t - a wand of polymorph (13)
 N - a wand of iceblast (7)
Scrolls
 e - 9 scrolls of remove curse
 l - 11 scrolls of identify
 n - 3 scrolls of teleportation
 p - 2 scrolls of magic mapping
 H - 2 scrolls of fog
 M - a scroll of amnesia
 P - a scroll of fear
Potions
 q - 2 potions of magic
 w - a potion of lignification
 x - a potion of attraction {unknown}
 z - a potion of berserk rage
 B - 3 potions of curing
 C - a potion of cancellation
 G - a potion of heal wounds
 K - 2 potions of haste
 L - a potion of degeneration
 O - a potion of resistance {unknown}


   Skills:
 + Level 3.6 Fighting
 - Level 5.1 Short Blades
 + Level 1.0 Bows
 + Level 4.6 Dodging
 + Level 7.5 Stealth
 + Level 1.5 Shields
 + Level 0.5 Unarmed Combat
 * Level 8.5 Spellcasting
 * Level 8.3 Conjurations
 + Level 7.2 Fire Magic
 - Level 5.1 Ice Magic
 + Level 2.1 Evocations


You had 7 spell levels left.
You knew the following spells:

 Your Spells              Type           Power        Failure   Level
a - Foxfire               Conj/Fire      ####         1%          1
b - Conjure Flame         Conj/Fire      ######..     1%          3
c - Inner Flame           Hex/Fire       ####....     1%          3
d - Sticky Flame          Conj/Fire      ######..     1%          4
e - Freeze                Ice            ####         1%          1
f - Fireball              Conj/Fire      ######....   1%          5
g - Frozen Ramparts       Ice            #####.       1%          3

Your spell library contained the following spells:

 Spells                   Type           Power        Failure   Level
 Sandblast                Erth           ##....       1%          1
 Gell's Gravitas          Tloc           ##........   16%         3
 Portal Projectile        Hex/Tloc       ##....       16%         3
 Dispersal                Tloc           ##........   100%        6
 Disjunction              Tloc           ##........   100%        8


Dungeon Overview and Level Annotations

Branches:
Dungeon (10/15)            Temple (1/1) D:4             Orc (0/2) D:9
   Lair: D:8-11

Altars:
Ashenzari
Cheibriados
Dithmenos
Elyvilon
Fedhas
Gozag
Hepliaklqana
Kikubaaqudgha
Makhleb
Nemelex Xobeh
Okawaru
Qazlal
Ru
Sif Muna
Trog
Uskayaw
Vehumet
Wu Jian
Xom
Yredelemnul
Zin
The Shining One

Shops:
D:6 (


Innate Abilities, Weirdness & Mutations

You cannot wear most types of armour.
You are very stealthy in the water. (Stealth+)
You are amphibious.
You can wear up to eight rings at the same time.
You can use your tentacles to constrict eight enemies at once.
Your skin changes colour to match your surroundings (Stealth+).
Your rubbery body absorbs attacks. (AC +1, EV +1)


Message History

Confirm with . or Enter, or press ? or * to list all spells.
Aiming: Fireball (dangerous; 1% risk of failure)
Press: ? - help, Shift-Dir - straight line The fireball explodes!
The fireball engulfs the cyclops.
The cyclops is lightly wounded.
The cyclops shouts!
You hear a loud, deep croak!
The cyclops throws a large rock.
The large rock barely misses you.
Unknown command.
Casting: Fireball (dangerous; 1% risk of failure)
Confirm with . or Enter, or press ? or * to list all spells.
Aiming: Fireball (dangerous; 1% risk of failure)
Press: ? - help, Shift-Dir - straight line The fireball explodes!
The fireball engulfs the cyclops!!
The cyclops is heavily wounded.
The cyclops throws a large rock.
The large rock hits you!!
Ouch! That really hurt!
Unknown command.
The cyclops throws a large rock.
The large rock hits you!!!
Ouch! That really hurt!
You die...

.................#..
.....#####..........
..... #..########
##### #..# #.># ##.#
#.# #### #.# ###
#... #@###..... #...
#((....... #...
#####...C. #... ...
#### .


You could see a cyclops.

Vanquished Creatures
  Gastronok (D:7)
  Harold (D:8)
  2 two-headed ogres
  Nergalle (D:10)
  A cyclops (D:10)
  Joseph (D:8)
  Maggie (D:7)
  A troll (D:9)
  Prince Ribbit (D:7)
  Sigmund (D:5)
  2 wyverns
  Duvessa (D:7)
  3 water moccasins
  An orc warrior (D:7)
  2 black bears
  An ice beast (D:5)
  A necrophage (D:10)
  3 ogres
  A sky beast (D:5)
  A phantom (D:7)
  4 centaurs
  Blork the orc (D:4)
  5 bullfrogs
  Dowan (D:7)
  2 scorpions
  3 killer bees (D:7)
  4 wights (D:7)
  2 howler monkeys (D:8)
  A bullfrog zombie (D:7)
  3 orc wizards
  2 bullfrog skeletons (D:5)
  6 orc priests
  6 hounds
  6 iguanas
  2 jellies
  Crazy Yiuf (D:6)
  Ijyb (D:5)
  5 worker ants
  A killer bee zombie (D:9)
  A hound zombie (D:5)
  2 hound skeletons (D:7)
  12 adders
  11 gnolls
  A river rat (D:5)
  4 white imps
  An ufetubus (D:6)
  An ooze (D:1)
  An adder zombie (D:8)
  4 worms
  5 leopard geckos
  23 orcs
  7 giant cockroaches
  8 goblins
  13 hobgoblins
  6 jackals (D:1)
  10 kobolds
  8 quokkas
  2 ball pythons (D:3)
  A ball python skeleton (D:4)
  9 bats
  9 frilled lizards
  A leopard gecko skeleton (D:9)
  A quokka zombie (D:5)
  10 rats
234 creatures vanquished.

Vanquished Creatures (collateral kills)
  5 foxfires (D:3)
5 creatures vanquished.

Vanquished Creatures (others)
  A killer bee (D:7)
  619 foxfires
  76 plants
696 creatures vanquished.

Grand Total: 935 creatures vanquished

Notes
Turn   | Place    | Note
-------+----------+-------------------------------------------
     0 | D:1      | Conn the Octopode Fire Elementalist began the quest for the
                  | Orb.
     0 | D:1      | Reached XP level 1. HP: 11/11 MP: 3/3
    88 | D:1      | Reached XP level 2. HP: 17/17 MP: 0/5
   279 | D:1      | Reached XP level 3. HP: 21/21 MP: 3/6
   306 | D:1      | Learned a level 3 spell: Conjure Flame
  1430 | D:2      | Found a shadowy altar of Dithmenos.
  1430 | D:2      | Found an ornate altar of the Wu Jian Council.
  1430 | D:2      | Found a stormy altar of Qazlal.
  1431 | D:2      | Found a bloodstained altar of Trog.
  1432 | D:2      | Found a hide-covered altar of Uskayaw.
  1434 | D:2      | Found a sacrificial altar of Ru.
  1501 | D:2      | Reached XP level 4. HP: 17/27 MP: 6/8
  1932 | D:3      | Reached XP level 5. HP: 24/31 MP: 9/9
  2173 | D:3      | Found a broken altar of Ashenzari.
  2428 | D:3      | Reached XP level 6. HP: 37/37 MP: 6/11
  3527 | D:3      | Learned a level 3 spell: Inner Flame
  3905 | D:4      | Noticed Blork the orc
  3955 | D:4      | Killed Blork the orc
  3956 | D:4      | Reached skill level 1 in Fighting
  3956 | D:4      | Reached XP level 7. HP: 43/43 MP: 3/12
  4055 | D:4      | Reached skill level 1 in Short Blades
  4330 | D:4      | Found a staircase to the Ecumenical Temple.
  4339 | Temple   | Entered the Ecumenical Temple
  4413 | Temple   | Became a worshipper of Vehumet
  4682 | D:5      | Entered Level 5 of the Dungeon
  5048 | D:6      | Reached XP level 8. HP: 37/48 MP: 15/15
  5080 | D:6      | Reached skill level 5 in Stealth
  5080 | D:6      | Reached skill level 5 in Fire Magic
  5143 | D:6      | Found Naunwor's Weapon Emporium.
  5204 | D:6      | Reached skill level 5 in Spellcasting
  5356 | D:6      | Learned a level 4 spell: Sticky Flame
  5426 | D:5      | Noticed Sigmund
  5427 | D:5      | Noticed Ijyb
  5438 | D:5      | Killed Ijyb
  5488 | D:5      | Killed Sigmund
  5603 | D:5      | Reached * piety under Vehumet
  5603 | D:5      | Offered knowledge of Freeze by Vehumet.
  5604 | D:5      | Reached skill level 5 in Conjurations
  5606 | D:5      | Learned a level 1 spell: Freeze
  5612 | D:5      | Learned a level 5 spell: Fireball
  6366 | D:6      | Found an iron altar of Okawaru.
  6414 | D:6      | Reached skill level 1 in Ice Magic
  6491 | D:6      | Reached XP level 9. HP: 54/54 MP: 14/17
  6699 | D:6      | Found a runed translucent door.
  6700 | D:6      | Noticed Crazy Yiuf
  6721 | D:6      | Killed Crazy Yiuf
  6986 | D:7      | Noticed Prince Ribbit
  6997 | D:7      | Noticed Maggie
  7111 | D:7      | Offered knowledge of Sandblast by Vehumet.
  7237 | D:7      | Reached ** piety under Vehumet
  7259 | D:7      | Noticed Duvessa
  7312 | D:7      | Noticed Dowan
  7329 | D:7      | Killed Duvessa
  7336 | D:7      | Killed Dowan
  7439 | D:7      | Learned a level 1 spell: Sandblast
  7459 | D:7      | Found a sacrificial altar of Ru.
  7994 | D:7      | Killed Prince Ribbit
  8071 | D:7      | Offered knowledge of Frozen Ramparts by Vehumet.
  8148 | D:7      | Learned a level 3 spell: Frozen Ramparts
  8329 | D:7      | Killed Maggie
  8330 | D:7      | Reached skill level 1 in Evocations
  8330 | D:7      | Reached XP level 10. HP: 60/60 MP: 20/20
  8484 | D:7      | Found a glowing golden altar of the Shining One.
  8538 | D:8      | Noticed Gastronok
  8778 | D:7      | Killed Gastronok
  8888 | D:8      | Noticed Harold
  8917 | D:9      | Reached *** piety under Vehumet
  8978 | D:9      | Found a staircase to the Orcish Mines.
  9590 | D:9      | Noticed a two-headed ogre
  9605 | D:9      | Killed a two-headed ogre
  9606 | D:9      | Reached XP level 11. HP: 58/67 MP: 16/22
  9895 | D:8      | Found a burning altar of Makhleb.
  9923 | D:8      | Noticed a two-headed ogre
  9957 | D:8      | Killed a two-headed ogre
  9958 | D:8      | Reached skill level 1 in Shields
 10084 | D:8      | Noticed Joseph
 10100 | D:8      | Killed Joseph
 10146 | D:8      | Killed Harold
 10755 | D:10     | Entered Level 10 of the Dungeon
 10806 | D:10     | Noticed a cyclops
 10835 | D:10     | Killed a cyclops
 10836 | D:10     | Reached skill level 5 in Short Blades
 10836 | D:10     | Reached skill level 5 in Ice Magic
 10844 | D:10     | Noticed Nergalle
 10850 | D:10     | Killed Nergalle
 10851 | D:10     | Reached skill level 1 in Bows
 11108 | D:10     | Noticed a two-headed ogre
 11349 | D:10     | Found a sacrificial altar of Ru.
 11481 | D:10     | Noticed a cyclops
 11486 | D:10     | Hit by a large rock thrown by a cyclops

Illustrated notes

Levels and vault maps discovered:
D:1:      lemuel_arrival_tunnels, layout_basic, chequers_big_river
D:2:      kb_forest_paths, layout_basic, minitemple
D:3:      layout_loops_ring, cheibrodos_ashenzari_chains, serial_bayou,
          serial_bayou_shore_b, serial_bayou_pond_b, serial_bayou_lagoon_a,
          serial_bayou_pond_e, serial_bayou_lagoon_b, serial_bayou_shore_b,
          minmay_cut_off
D:4:      layout_gridville, lemuel_temple_firewalk_b, uniq_blork_the_orc
D:5:      layout_cave_pools, gup_sewer_entry_bubbles, uniq_ijyb, uniq_sigmund
D:6:      layout_loops_ring, serial_shops, shop_fountains, grunt_decor_junction,
          minmay_misc_feat_roman, okawaru_gym_becter, uniq_crazy_yiuf_cottage
D:7:      layout_loops_ring, kennysheep_mini_moat, basic_altar,
          uniq_prince_ribbit1, uniq_duvessa, uniq_maggie
D:8:      layout_gridville, general_overflow_altar, uniq_joseph, uniq_harold,
          uniq_gastronok
D:9:      minmay_weird_star, layout_loops_ring, orc_0_dummy
D:10:     layout_basic, basic_altar, uniq_nergalle
Temple:   dshaligram_water_room_temple

Skill      XL: |  1  2  3  4  5  6  7  8  9 10 11 |
---------------+----------------------------------+-----
Fire Magic     | 4 5 6 7 |  7.2
Spellcasting   | 3 4 5 6 7 8 |  8.5
Conjurations   | 2 3 4 5 6 7 8 |  8.3
Stealth        | 3 4 6 7 |  7.5
Fighting       | 1 2 3 |  3.6
Short Blades   | 1 3 4 5 |  5.1
Dodging        | 3 4 |  4.6
Ice Magic      | 1 2 4 5 |  5.1
Evocations     | 1 2 |  2.1
Shields        | 1 |  1.5
Bows           | 1 |  1.0
Unarmed Combat | |  0.5

Action                   |  1- 3 |  4- 6 |  7- 9 | 10-12 || total
-------------------------+-------+-------+-------+-------++-------
Melee: Dagger            |    23 |    49 |     6 |       ||    78
       Constrict         |     6 |    18 |    20 |    16 ||    60
       Tentacles         |     5 |     8 |    21 |    14 ||    48
       Rapier            |       |       |   110 |    77 ||   187
       Unarmed           |       |       |     4 |       ||     4
       Staff             |       |       |       |     5 ||     5
 Fire: Shortbow          |       |       |       |     4 ||     4
 Cast: Foxfire           |    41 |   104 |   145 |    71 ||   361
       Conjure Flame     |       |     3 |    12 |     5 ||    20
       Sticky Flame      |       |       |     8 |    12 ||    20
       Freeze            |       |       |     2 |       ||     2
       Fireball          |       |       |       |     9 ||     9
       Frozen Ramparts   |       |       |       |     2 ||     2
Evoke: Wand              |       |     3 |    17 |     5 ||    25
  Use: Potion            |       |     2 |     4 |     8 ||    14
       Scroll            |       |     3 |    11 |       ||    14
 Stab: Sleeping          |     3 |     2 |     9 |     4 ||    18
       Paralysed         |       |     2 |     8 |       ||    10
       Distracted        |       |       |       |     1 ||     1
Armor: Skin              |     2 |    11 |    13 |     3 ||    29
Dodge: Dodged            |    33 |    69 |   112 |    68 ||   282
Block: Other             |       |       |       |    19 ||    19
       Reflection        |       |       |       |     1 ||     1

Table legend: (Time is in decaauts)
 A = Elapsed time spent in this place.
 B = Non-inter-level travel time spent in this place.
 C = Inter-level travel time spent in this place.
 D = Time resting spent in this place.
 E = Time spent auto-exploring this place.
 F = Levels seen in this place.
 G = Mean time per level.
                   A        B        C        D        E       F      G
               +--------+--------+--------+--------+--------+-----+--------+
         Total |  11485 |  11082 |    403 |   1303 |   6042 |  11 | 1044.1 |
       Dungeon |  11390 |  10987 |    403 |   1303 |   5982 |  10 | 1139.0 |
        Temple |     94 |     94 |      0 |      0 |     60 |   1 |   94.0 |
               +--------+--------+--------+--------+--------+-----+--------+

Top non-repeatable levels by time:
     D:7: 1701 daAuts
     D:9: 1380 daAuts
     D:3: 1371 daAuts
     D:1: 1346 daAuts
     D:6: 1280 daAuts
     D:5: 1094 daAuts
     D:4: 1069 daAuts
     D:2: 903 daAuts
     D:8: 649 daAuts
    D:10: 594 daAuts
  Temple: 94 daAuts
